 Dungeon Crawl Stone Soup version 0.20-a0-1050-g57248f3 (webtiles) character file.

116 nubinia the Digger (level 5, 0/28 HPs)
             Began as a Gargoyle Earth Elementalist on Apr 25, 2017.
             Slain by a gnoll
             ... wielding a +0 flail of protection
              (12 damage)
             ... on level 2 of the Dungeon.
             The game lasted 00:07:29 (1778 turns).

nubinia the Digger (Gargoyle Earth Elementalist)    Turns: 1778, Time: 00:07:30

Health: 0/28       AC:  7    Str: 11    XL:     5   Next: 0%
Magic:  0/8        EV: 12    Int: 17    God:
Gold:   57         SH:  0    Dex: 10    Spells: 2/8 levels left

rFire    . . .     SeeInvis .   i - +1 dagger (speed)
rCold    . . .     Gourm    .   (no shield)
rNeg     + . .     Faith    .   c - +0 robe
rPois    ∞         Spirit   .   (no helmet)
rElec    +         Reflect  .   g - +0 cloak (curse)
rCorr    .         Harm     .   (no gloves)
MR       .....                  (no boots)
Stlth    ++........             (no amulet)
Regen    0.1/turn               (no ring)
MPRegen  0.2/turn               (no ring)

@: very slightly contaminated
A: negative energy resistance 1, electricity resistance, unbreathing,
petrification resistance, rot immunity, AC +4
a: no special abilities


You were on level 2 of the Dungeon.
You were hungry.

You visited 1 branch of the dungeon, and saw 2 of its levels.

You collected 57 gold pieces.

Inventory:

Hand Weapons
 f - a +0 club
 i - a +1 dagger of speed (weapon)
Missiles
 b - 55 stones (quivered)
Armour
 c - a +0 robe (worn)
 g - a cursed +0 cloak (worn)
Scrolls
 a - 3 scrolls of teleportation
 k - a scroll of enchant weapon {unknown}
 l - a scroll of remove curse {unknown}
Potions
 h - a potion of invisibility
 j - a potion of cancellation
 n - a potion of haste {unknown}
 o - a potion of ambrosia
 p - a potion of brilliance
 r - a potion of degeneration {unknown}
Books
 e - a book of Geomancy

   Spells                             Type                      Level
   a - Sandblast                      Earth                        1
   b - Passwall                       Transmutation/Earth          2
   c - Stone Arrow                    Conjuration/Earth            3
   d - Petrify                        Transmutation/Earth          4
   e - Lee's Rapid Deconstruction     Earth                        5
Comestibles
 d - 3 bread rations
 m - a meat ration
 q - 5 chunks of flesh


   Skills:
 + Level 0.2 Fighting
 + Level 0.8 Maces & Flails
 + Level 2.2 Dodging
 + Level 3.5 Stealth
 + Level 2.3 Spellcasting
 * Level 1.3 Conjurations
 + Level 0.7 Transmutations
 + Level 4.4 Earth Magic


You had 2 spell levels left.
You knew the following spells:

 Your Spells              Type           Power        Failure   Level  Hunger
a - Sandblast             Erth           ###...       3%          1    #......
b - Stone Arrow           Conj/Erth      ##....       17%         3    ###....
p - Passwall              Tmut/Erth      ##........   10%         2    ##.....


Dungeon Overview and Level Annotations

Branches:
Dungeon (2/15)

Altars:


Innate Abilities, Weirdness & Mutations

You are resistant to torment.
Your stone body is resilient. (AC +4)
You are immune to poison.
You resist negative energy. (rN+)
You are resistant to electric shocks. (rElec)
You can survive without breathing.
You are immune to petrification.
You are immune to rotting.


Message History

The gnoll is severely wounded.
The gnoll hits you but does no damage.
You hit the gnoll.
The gnoll is severely wounded.
You hit the gnoll but do no damage.
The gnoll is severely wounded.
The gnoll hits you with a flail of protection!
Unknown command.
Unknown command.
Unknown command.
Casting: Sandblast
Confirm with . or Enter, or press ? or * to list all spells.
Aiming: Sandblast
Press: ? - help, Shift-Dir - straight line, f/p - gnoll
Aim: a gnoll, wielding a flail of protection (severely wounded)
The blast of sand hits the gnoll.
The gnoll is severely wounded.
b - 55 stones The gnoll hits you with a flail of protection!
You die...

..≈≈≈≈≈♣##....##.#.#########+###.
..P≈≈≈≈♣ #....##.#.## #.
..≈P≈≈≈≈##....##.# . . ..
...≈≈≈P≈......##.#.# ..
...≈≈≈≈≈♣.######.#.##...
.≈≈≈≈≈≈≈≈.............#
.≈≈≈≈≈P♣###.##.#.###.
≈♣≈≈≈PP♣.........#
.≈≈≈P≈≈♣.##.##@#.# ..≈≈≈≈PP
#.##g#.# ..≈≈≈≈≈ ...... . ≈≈P≈P≈≈
#.##.#.## # #.##.#.# ...... . #..
.. ..# ##


You could see a gnoll.

Vanquished Creatures
  4 gnolls
  An adder (D:2)
  3 oozes (D:1)
  A worm (D:2)
  A dart slug (D:1)
  2 leopard geckos
  5 giant cockroaches
  A goblin (D:1)
  7 hobgoblins
  3 jackals (D:1)
  A quokka (D:2)
  5 bats
  2 frilled lizards
  5 kobolds
  8 rats
49 creatures vanquished.

Notes
Turn   | Place    | Note
-------+----------+-------------------------------------------
     0 | D:1      | nubinia the Gargoyle Earth Elementalist began the quest for the Orb.
     0 | D:1      | Reached XP level 1. HP: 10/10 MP: 3/3
   228 | D:1      | Reached skill level 4 in Earth Magic
   228 | D:1      | Reached XP level 2. HP: 14/15 MP: 5/5
   460 | D:1      | Reached XP level 3. HP: 18/19 MP: 6/6
   467 | D:1      | Learned a level 2 spell: Passwall
   471 | D:1      | Learned a level 3 spell: Stone Arrow
  1039 | D:2      | Reached XP level 4. HP: 22/24 MP: 7/7
  1625 | D:2      | Reached skill level 1 in Conjurations
  1766 | D:2      | Reached XP level 5. HP: 28/28 MP: 8/8
  1778 | D:2      | Slain by a gnoll

Vault maps used:
D:1:      scummos_arrival_checkerplants
D:2:      grunt_temple_overflow_diamond, serial_bayou, serial_bayou_lagoon_b,
          serial_bayou_ford_a, serial_bayou_crossing, serial_bayou_lake_a

Skill      XL: |  1  2  3  4 |
---------------+-------------+-----
Earth Magic    | 4 |  4.4
Stealth        | 3 |  3.5
Dodging        | 2 |  2.2
Conjurations   | 1 |  1.3
Fighting       | |  0.2
Maces & Flails | |  0.8
Spellcasting   | |  2.3
Transmutations | |  0.7

Action                   |  1- 3 |  4- 6 || total
-------------------------+-------+-------++-------
Melee: Club              |    48 |       ||    48
       Unarmed           |     3 |       ||     3
       Dagger            |    87 |    79 ||   166
 Cast: Sandblast         |     8 |    17 ||    25
       Stone Arrow       |       |     1 ||     1
  Use: Potion            |     2 |     2 ||     4
       Scroll            |     1 |       ||     1
 Stab: Invisible         |     4 |       ||     4
       Sleeping          |     3 |     3 ||     6
  Eat: Chunk             |     1 |     2 ||     3
Armor: Robe              |    43 |    14 ||    57
Dodge: Dodged            |    96 |    34 ||   130
